 Dungeon Crawl Stone Soup version 0.21-a0-352-g5b8f553 (webtiles) character file.

56 theanonym the Skirmisher (level 3, 0/24 HPs)
             Began as a Gargoyle Berserker on Oct 11, 2017.
             Was a Believer of Trog.
             Slain by Crazy Yiuf
             ... wielding a +3 quarterstaff of chaos
              (1 damage)
             ... on level 2 of the Dungeon.
             The game lasted 00:03:26 (1400 turns).

theanonym the Skirmisher (Gargoyle Berserker)       Turns: 1400, Time: 00:03:27

Health: 0/24       AC: 13    Str: 21    XL:     3   Next: 97%
Magic:  3/3        EV: 11    Int:  7    God:    Trog [**....]
Gold:   81         SH:  0    Dex:  9    Spells: 2/2 levels left

rFire    . . .     SeeInvis .   a - +0 mace
rCold    . . .     Gourm    .   (no shield)
rNeg     + . .     Faith    .   i - +0 ring mail
rPois    ∞         Spirit   .   o - +0 hat
rElec    +         Reflect  .   (no cloak)
rCorr    .         Harm     .   (no gloves)
MR       .....                  m - -1 pair of boots (curse)
Stlth    ..........             (no amulet)
HPRegen  0.08/turn              d - +5 ring of protection
MPRegen  0.08/turn              (no ring)

@: berserk cooldown, slowed, very slow
A: negative energy resistance 1, electricity resistance, unbreathing,
petrification resistance, rot immunity, AC +3
a: Berserk, Trog's Hand, Burn Spellbooks, Renounce Religion


You were on level 2 of the Dungeon.
You worshipped Trog.
Trog was pleased with you.
You were not hungry.

You visited 1 branch of the dungeon, and saw 2 of its levels.

You collected 81 gold pieces.

Inventory:

Hand Weapons
 a - a +0 mace (weapon)
 k - a +0 whip
   (You found it on level 2 of the Dungeon)
Armour
 i - a +0 ring mail (worn)
   (You found it on level 1 of the Dungeon)
 m - a cursed -1 pair of boots (worn)
   (You found it on level 2 of the Dungeon)
 n - a +0 chain mail
   (You found it on level 2 of the Dungeon)
 o - a +0 hat (worn)
   (You found it on level 2 of the Dungeon)
Jewellery
 d - a +5 ring of protection (left hand)
   (You found it on level 1 of the Dungeon)
 g - an uncursed ring of see invisible {unknown}
   (You found it on level 1 of the Dungeon)
Scrolls
 j - 2 scrolls of fog {unknown}
 l - a scroll of amnesia {unknown}
 q - a scroll of teleportation {unknown}
Potions
 b - a potion of flight {unknown}
 e - a potion of might {unknown}
 f - 2 potions of curing
 h - a potion of haste {unknown}
Comestibles
 c - a bread ration {@e1}
 p - 2 royal jellies
 r - a chunk of flesh {@w0}


   Skills:
 + Level 4.1 Fighting
 + Level 4.0 Maces & Flails
 + Level 2.5 Armour
 - Level 1.5 Dodging


You had 2 spell levels left.
You didn't know any spells.

Dungeon Overview and Level Annotations

Branches:
Dungeon (2/15)

Altars:
Vehumet

Annotations:
D:2 Crazy Yiuf


Innate Abilities, Weirdness & Mutations

You are resistant to torment.
Your stone body is resilient. (AC +3)
You are immune to poison.
You resist negative energy. (rN+)
You are resistant to electric shocks. (rElec)
You can survive without breathing.
You are immune to petrification.
You are immune to rotting.


Message History

You see here 15 gold pieces.
The bat hits you but does no damage.
You hit the bat but do no damage. The bat hits you but does no damage. x3
You sock the bat!
You kill the bat!
Trog accepts your kill.
No target in view!
No target in view!
You now have 81 gold pieces (gained 15).
A worm comes into view.
The worm moves out of view.
You see here a bat corpse.
You butcher the bat corpse.
r - a chunk of flesh {@w0} The worm bites you but does no damage.
You hit the worm. You sock the worm! The worm bites you but does no damage.
You barely miss the worm. The worm closely misses you.
You sock the worm!
You kill the worm!
Trog accepts your kill.
No target in view!
An adder comes into view.
The adder hisses angrily.
The adder bites you but does no damage.
You closely miss the adder. The adder bites you but does no damage.
You miss the adder. The adder barely misses you. The adder closely misses you.
You closely miss the adder. The adder closely misses you.
You closely miss the adder. The adder barely misses you. The adder misses you.
You closely miss the adder. The adder closely misses you.
You sock the adder! The adder bites you.
The adder bites you but does no damage.
You take 2 damage, and have 22/24 hp.
You miss the adder. The adder bites you. The adder barely misses you.
You take 2 damage, and have 20/24 hp.
You closely miss the adder. The adder bites you but does no damage.
You closely miss the adder. The adder bites you but does no damage.
The adder completely misses you.
You miss the adder. The adder barely misses you.
You barely miss the adder. The adder closely misses you.
The adder bites you but does no damage.
You closely miss the adder. The adder bites you but does no damage.
Your ring mail prevents you from hitting the adder.
The adder barely misses you. x2
You thump the adder!
You kill the adder!
Trog accepts your kill.
Your Maces & Flails skill increases to level 4!
No target in view!
You see here a mace.
You see here a mace.
You see here a mace.
You see here a mace.
You see here a mace.
You see here a mace.
Health restored: 24 Partly explored, unopened runed door.
A red film seems to cover your vision as you go berserk!
You feel yourself moving faster!
You feel mighty!
You feel quite a bit more hungry.
You now have 36/36 hp.
The door flies open with a bang!
You feel a strong urge to attack something.
Crazy Yiuf the Enlightened comes into view.
He is wielding a quarterstaff of chaos.
Crazy Yiuf shouts!
Crazy Yiuf says, "I'm not crazy!"
There is an open door here.
You feel your anger subside.
You are no longer berserk.
You are exhausted.
You feel yourself slow down.
Crazy Yiuf hits you with a quarterstaff of chaos.
Crazy Yiuf freezes you.
You now have 18/24 hp.
You sock Crazy Yiuf! Crazy Yiuf misses you.
You hit Crazy Yiuf. Crazy Yiuf hits you but does no damage.
You feel as though you will be slow longer.
Crazy Yiuf hits you with a quarterstaff of chaos!
* * * LOW HITPOINT WARNING * * *
You are too injured to fight recklessly!
You take 11 damage, and have 7/24 hp.
MASSIVE DAMAGE!!
You barely miss Crazy Yiuf.
Crazy Yiuf says, "Blight Hive koolooloo!"
Crazy Yiuf hits you with a quarterstaff of chaos.
* * * LOW HITPOINT WARNING * * *
Crazy Yiuf hits you with a quarterstaff of chaos.
* * * LOW HITPOINT WARNING * * *
Crazy Yiuf burns you.
* * * LOW HITPOINT WARNING * * *
You take 5 damage, and have 2/24 hp.
MASSIVE DAMAGE!!
You hit Crazy Yiuf. Crazy Yiuf hits you but does no damage.
You hit Crazy Yiuf.
Crazy Yiuf drinks a potion.
Crazy Yiuf is healed!
Crazy Yiuf misses you.
You hit Crazy Yiuf.
Crazy Yiuf hits you with a quarterstaff of chaos.
* * * LOW HITPOINT WARNING * * *
Crazy Yiuf burns you.
You die...

.....##.......#.#####...###.####.
..)..##..####..#........(.÷....>.
.....(...........................
.....##################.......##.
.....# #.###.#.##. ####.#
#.....#.##. #.##### #####
####..#.... ####...#P## ###..)#
#......#### #........P####.'@g.#
#.####.## #.###....P)#.)##...#
##..# #..# ..# ##.#..#.########
#...# ##.# ### ########
#...####.### # #...#.......
##############.#..#...#
#.#........# #...###.##
##.#.#...##.###...)#...#
#...................._..


You could see Crazy Yiuf.

Vanquished Creatures
  2 adders (D:2)
  An ooze (D:1)
  A worm (D:2)
  A dart slug (D:2)
  4 bats
  2 giant cockroaches (D:1)
  2 goblins (D:1)
  3 hobgoblins
  5 kobolds
  A quokka (D:2)
  A ball python (D:1)
  2 frilled lizards
  6 rats (D:2)
31 creatures vanquished.

Notes
Turn   | Place    | Note
-------+----------+-------------------------------------------
     0 | D:1      | theanonym the Gargoyle Berserker began the quest for the Orb.
     0 | D:1      | Reached XP level 1. HP: 14/14 MP: 1/1
   147 | D:1      | Reached XP level 2. HP: 19/19 MP: 2/2
   768 | D:2      | Reached XP level 3. HP: 22/24 MP: 3/3
   963 | D:2      | Reached skill level 4 in Fighting
   975 | D:2      | Reached ** piety under Trog
  1064 | D:2      | Found a radiant altar of Vehumet.
  1323 | D:2      | Reached skill level 4 in Maces & Flails
  1337 | D:2      | Found a runed door.
  1392 | D:2      | Noticed Crazy Yiuf
  1397 | D:2      | HP: 4/24 [Crazy Yiuf/quarterstaff of chaos (3)]
  1400 | D:2      | HP: 1/24 [Crazy Yiuf/quarterstaff of chaos (2)]
  1400 | D:2      | Slain by Crazy Yiuf

Vault maps used:
D:1:      sevenhm_arrival_forest_fort_small_3
D:2:      vehumet_crystals, first_bread, uniq_crazy_yiuf_cottage

Skill      XL: |  1  2  3 |
---------------+----------+-----
Fighting       | 4 |  4.1
Maces & Flails | 4 |  4.0
Armour         | |  2.5
Dodging        | |  1.5

Action                   || total
-------------------------++-------
Melee: Mace              ||   133
Invok: Berserk           ||     1
  Use: Scroll            ||     1
  Eat: Bread ration      ||     1
Armor: Animal skin       ||    10
       Ring mail         ||    64
Dodge: Dodged            ||    83

Table legend:
 A = Spawn XP
 B = Non-spawn XP
 C = Spawn XP percentage of total XP
 D = Spawn monster count
 E = Non-spawn monster count
 F = Spawn count percentage of total count
 G = Total turns spent on level
                    A         B        C        D         E        F      G
               +---------+---------+-------+---------+---------+-------+---------
         Total |       0 |      81 |   0.0 |       0 |      31 |   0.0 |  1400
               +---------+---------+-------+---------+---------+-------+---------
           D:1 |       0 |      29 |   0.0 |       0 |      13 |   0.0 |   743
           D:2 |       0 |      52 |   0.0 |       0 |      18 |   0.0 |   657
               +---------+---------+-------+---------+---------+-------+---------

Vault maps used:
D:1:      sevenhm_arrival_forest_fort_small_3
D:2:      vehumet_crystals, first_bread, uniq_crazy_yiuf_cottage

Table legend:
 A = Turns spent in this place as a percentage of turns spent in the entire game.
 B = Non-inter-level travel turns spent in this place as a percentage of non-inter-level travel turns spent in the entire game.
 C = Inter-level travel turns spent in this place as a percentage of turns spent in this place.
 D = Turns resting spent in this place as a percentage of non-inter-level travel turns spent in this place.
 E = Turns spent auto-exploring this place as a percentage of non-inter-level travel turns spent in this place.
 F = Non-inter-level travel turns spent in this place divided by the number of levels of this place that you've seen.
                   A       B       C       D       E      F
               +-------+-------+-------+-------+-------+----------------------
         Total | 100.0 | 100.0 |   1.2 |   4.4 |  73.7 | 691.5
       Dungeon | 100.0 | 100.0 |   1.2 |   4.4 |  73.7 | 691.5
               +-------+-------+-------+-------+-------+----------------------

Table legend:
 A = Kills in this place as a percentage of kills in entire the game.
 B = Kills by you in this place as a percentage of kills by you in the entire game.
 C = Kills by friends in this place as a percentage of kills by friends in the entire game.
 D = Other kills in this place as a percentage of other kills in the entire game.
 E = Experience gained in this place as a percentage of experience gained in the entire game.
 F = Experience gained in this place divided by the number of levels of this place that you have seen.
                   A       B       C       D       E      F
               +-------+-------+-------+-------+-------+----------------------
         Total | 100.0 | 100.0 |   N/A |   N/A | 100.0 |  40.5
       Dungeon | 100.0 | 100.0 |   N/A |   N/A | 100.0 |  40.5
               +-------+-------+-------+-------+-------+----------------------
